 Dungeon Crawl Stone Soup version 0.23.2-1-ga50397a6bc (webtiles) character file.

Game seed: 3663662968062257077

5166 Mrkan the Grappler (level 10, -2/104 HPs)
             Began as a Troll Monk on May 18, 2019.
             Was an Elder of Ru.
             Slain by a four-headed hydra (7 damage)
             ... on level 8 of the Dungeon.
             The game lasted 00:15:37 (6153 turns).

Mrkan the Grappler (Troll Monk)                     Turns: 6153, Time: 00:15:37

Health: -2/104     AC:  7    Str: 26    XL:     10   Next: 34%
Magic:  4/9        EV: 10    Int:  9    God:    Ru [****..]
Gold:   400        SH:  0    Dex: 12    Spells: 9/9 levels left

rFire    x . .     SeeInvis .     - Unarmed
rCold    x . .     Gourm    +   (no shield)
rNeg     . . .     Faith    .   a - +0 robe
rPois    +         Spirit   .   e - +1 hat
rElec    .         Reflect  .   (no cloak)
rCorr    .         Harm     .   (gloves unavailable)
MR       .....                  (boots unavailable)
Stlth    ..........             (no amulet)
HPRegen  0.67/turn              f - ring of poison resistance
MPRegen  0.11/turn              x - +5 ring of strength

@: exhausted
A: large, unfitting armour, claws 3, fast metabolism 3, gourmand, regeneration
1, shaggy fur 1, tough skin 3, no stealth, inability to train armour,
temperature sensitive
a: Draw Out Power, Power Leap, Renounce Religion


You were on level 8 of the Dungeon.
You worshipped Ru.
Ru was greatly pleased with you.
You were not hungry.

You visited 2 branches of the dungeon, and saw 10 of its levels.

You collected 400 gold pieces.

Inventory:

Hand Weapons
 B - a +1 flail
Missiles
 t - 3 large rocks (quivered)
Armour
 a - a +0 robe (worn)
 e - a +1 hat (worn)
 K - a +1 robe of magic resistance
Magical Staves
 E - an uncursed staff of poison {unknown}
Jewellery
 d - a +2 ring of intelligence {unknown}
 f - a ring of poison resistance (left claw)
 m - a cursed ring of attention
 v - an uncursed ring of fire
 x - a +5 ring of strength (right claw)
 y - a cursed ring of attention
Wands
 C - a wand of paralysis (4)
 G - a wand of acid (12)
Scrolls
 j - 3 scrolls of remove curse
 n - 2 scrolls of teleportation
 q - 2 scrolls of amnesia
 r - 2 scrolls of enchant weapon
 s - 3 scrolls of fear
 u - a scroll of random uselessness
 D - 7 scrolls of identify
 F - a scroll of vulnerability {unknown}
 I - a scroll of enchant armour {unknown}
 J - a scroll of fog
Potions
 c - 7 potions of curing {unknown}
 g - 4 potions of flight {unknown}
 h - a potion of resistance {unknown}
 i - a potion of lignification {unknown}
 k - a potion of haste {unknown}
 l - 4 potions of brilliance {unknown}
 o - 2 potions of ambrosia {unknown}
 p - 2 potions of might
 w - a potion of degeneration {unknown}
 z - 2 potions of heal wounds {unknown}
 A - a potion of magic {unknown}
 H - a potion of agility {unknown}
Comestibles
 b - 7 rations


   Skills:
 + Level 7.9 Fighting
 - Level 2.4 Dodging
 * Level 12.6 Unarmed Combat


You had 9 spell levels left.
You didn't know any spells.
Your spell library was empty.

Dungeon Overview and Level Annotations

Branches:
Dungeon (9/15)             Temple (1/1) D:5
   Lair: D:8-11         Orc: D:9-12

Altars:
Ashenzari
Cheibriados
Dithmenos
Elyvilon
Fedhas
Gozag
Hepliaklqana
Kikubaaqudgha
Makhleb
Nemelex Xobeh
Okawaru
Qazlal
Ru
Sif Muna
Trog
Uskayaw
Vehumet
Wu Jian
Xom
Yredelemnul
Zin
The Shining One

Annotations:
D:5 1 runed translucent door, bartek7090's ghost, novice DsFi


Innate Abilities, Weirdness & Mutations

You are too large for most types of armour.
You have claws for hands.
Your metabolism is lightning-fast.
You like to eat raw meat.
Your natural rate of healing is unusually fast.
You are covered in fur. (AC +1)
You have extremely tough skin. (AC +3)
You cannot be stealthy.
You cannot train Armour skill.
You are sensitive to extremes of temperature. (rF-, rC-)


Message History

Unknown command.
You're too exhausted to draw out your power.
You claw the big kobold!
You kill the big kobold!
The four-headed hydra completely misses you.
The four-headed hydra barely misses you. x2
The four-headed hydra bites you but does no damage.
The yak is stunned by your will and fails to attack.
Things that are here:
a +0 halberd; a big kobold corpse You mangle the yak!!
The yak is heavily wounded.
The yak barely misses you.
The dream sheep ruffles its wool and motes of dream dust sparkle, to no effect.
You closely miss the yak.
The yak is heavily wounded.
The four-headed hydra bites you.
* * * LOW HITPOINT WARNING * * *
The four-headed hydra bites you!
You die...

.##.###############....#.#......#
.##...################.#....#...#
.####.##....##.........####.#....
## #.##.##.##.######.....#......
#####.##.##[...#... ##########...
..........÷.........#PP≈P.') #.(.
#####.##+#'#.....#..#P≈≈≈≈# #...
#..........#########≈.P≈P## #...
#..........'..D@YYK#.....#. #...
#.<........#######KY≈..%.'. #.##
#..........# #...#...P.'. #.##
#.....###### #.#.#≈..%.'. #...
#.....# #.###...%.#. #... #.....#
# ###### #... #.....# #..####...
####### ##..÷<#... #).###...


You could see a four-headed hydra (blind), 2 yaks, 2 big kobolds and a dream
sheep.

Vanquished Creatures
  Grinder (D:4)
  Sigmund (D:6)
  5 yaks (D:9)
  Eustachio (D:6)
  Grum (D:8)
  Edmund (D:5)
  Duvessa (D:6)
  A black bear (D:6)
  An ice beast (D:8)
  2 sky beasts
  2 phantoms (D:8)
  An orc warrior (D:9)
  A wolf (D:8)
  A necrophage (D:6)
  3 ogres
  5 centaurs
  3 big kobolds
  Blork the orc (D:6)
  3 bullfrogs
  Dowan (D:6)
  A water moccasin skeleton (D:8)
  A wyvern skeleton (D:6)
  3 scorpions
  A howler monkey (D:5)
  8 wights
  A bullfrog zombie (D:6)
  A crimson imp (D:6)
  A centaur zombie (D:8)
  A quasit (D:8)
  2 hounds
  2 centaur skeletons
  3 orc priests
  2 jellies
  Jessica (D:2)
  2 iguanas
  Natasha (twice) (D:2)
  6 orc wizards
  5 worker ants
  2 worker ant zombies
  A howler monkey zombie (D:6)
  A gnoll (D:1)
  10 adders
  An adder skeleton (D:7)
  An adder zombie (D:6)
  A dart slug (D:1)
  2 leopard geckos
  15 orcs
  5 bats
  11 giant cockroaches
  6 goblins
  3 hobgoblins
  2 jackals (D:4)
  2 quokkas
  3 ball pythons
  7 frilled lizards
  21 kobolds
  6 rats
179 creatures vanquished.

Notes
Turn   | Place    | Note
-------+----------+-------------------------------------------
     0 | D:1      | Mrkan the Troll Monk began the quest for the Orb.
     0 | D:1      | Reached XP level 1. HP: 22/22 MP: 0/0
    99 | D:1      | Reached XP level 2. HP: 29/29 MP: 1/1
   674 | D:1      | Reached skill level 4 in Unarmed Combat
   674 | D:1      | Reached XP level 3. HP: 36/36 MP: 2/2
   900 | D:2      | Noticed Jessica
   905 | D:2      | Killed Jessica
   972 | D:2      | Reached XP level 4. HP: 45/45 MP: 3/3
  1344 | D:2      | Noticed Natasha
  1351 | D:2      | Killed Natasha
  1381 | D:2      | Noticed Natasha
  1388 | D:2      | Killed Natasha
  1388 | D:2      | Reached skill level 5 in Unarmed Combat
  1388 | D:2      | Reached XP level 5. HP: 53/53 MP: 4/4
  1645 | D:3      | Found a faded altar of an unknown god.
  2123 | D:3      | You fall through a shaft for 3 floors!
  2123 | D:6      | Noticed a centaur
  2124 | D:6      | Noticed a black bear
  2132 | D:6      | Noticed Eustachio
  2135 | D:5      | Entered Level 5 of the Dungeon
  2140 | D:5      | Found a staircase to the Ecumenical Temple.
  2149 | Temple   | Entered the Ecumenical Temple
  2201 | Temple   | Became a worshipper of Ru the Awakened
  2218 | Temple   | Gained mutation: You cannot train Armour skill. [Ru
                  | sacrifice]
  2218 | Temple   | Reached * piety under Ru
  2895 | D:4      | Noticed an ogre
  2900 | D:4      | Reached XP level 6. HP: 58/62 MP: 5/5
  2906 | D:4      | Reached skill level 6 in Unarmed Combat
  3112 | D:4      | Noticed Grinder
  3126 | D:4      | Paralysed by Grinder for 3 turns
  3131 | D:4      | Killed Grinder
  3131 | D:4      | Reached XP level 7. HP: 41/71 MP: 6/6
  3195 | D:5      | Reached skill level 7 in Unarmed Combat
  3311 | D:5      | Found a runed translucent door.
  3358 | D:5      | Found a white marble altar of Elyvilon.
  3505 | D:5      | Noticed Edmund
  3522 | D:5      | Killed Edmund
  3522 | D:5      | Reached skill level 8 in Unarmed Combat
  3527 | D:5      | Reached skill level 5 in Fighting
  3527 | D:5      | Reached XP level 8. HP: 22/80 MP: 7/7
  3725 | D:5      | Noticed bartek7090's ghost (novice DsFi)
  3815 | D:6      | Killed Eustachio
  3815 | D:6      | Reached skill level 9 in Unarmed Combat
  3909 | D:6      | Noticed Blork the orc
  3977 | D:6      | Killed Blork the orc
  4038 | D:6      | Reached skill level 10 in Unarmed Combat
  4088 | D:6      | Reached XP level 9. HP: 89/89 MP: 8/8
  4108 | D:6      | Noticed Sigmund
  4119 | D:6      | Killed Sigmund
  4259 | D:6      | Noticed Dowan
  4261 | D:6      | Noticed Duvessa
  4268 | D:6      | Killed Duvessa
  4270 | D:6      | Killed Dowan
  4276 | D:6      | Gained mutation: You are sensitive to extremes of
                  | temperature. (rF-, rC-) [Ru sacrifice]
  4276 | D:6      | Reached ** piety under Ru
  4276 | D:6      | Reached *** piety under Ru
  4276 | D:6      | Reached **** piety under Ru
  4611 | D:7      | Reached skill level 11 in Unarmed Combat
  4820 | D:7      | Found a bloodstained altar of Trog.
  4978 | D:7      | Found a sparkling altar of Nemelex Xobeh.
  5052 | D:7      | Found a stormy altar of Qazlal.
  5181 | D:7      | Found a blossoming altar of Fedhas.
  5571 | D:8      | Noticed Grum
  5662 | D:8      | Killed Grum
  5872 | D:8      | Reached skill level 12 in Unarmed Combat
  5872 | D:8      | Reached XP level 10. HP: 98/102 MP: 9/9
  5916 | D:8      | You fall through a shaft!
  6066 | D:9      | Gained mutation: You cannot be stealthy. [Ru sacrifice]
  6133 | D:8      | Noticed a three-headed hydra
  6153 | D:8      | HP: 5/104 [four-headed hydra (5)]
  6153 | D:8      | Slain by a four-headed hydra

Skill      XL: |  1  2  3  4  5  6  7  8  9 10 |
---------------+-------------------------------+-----
Unarmed Combat | 4 5 6 8 10 12 | 12.6
Fighting       | 3 4 5 6 7 |  7.9
Stealth        | 0 |  0.0
Dodging        | |  2.4

Action                   |  1- 3 |  4- 6 |  7- 9 | 10-12 || total
-------------------------+-------+-------+-------+-------++-------
Melee: Unarmed           |    61 |   105 |   316 |    55 ||   537
       Punch             |     1 |     3 |    14 |     1 ||    19
Invok: Sacrifice Durabil |       |     1 |       |       ||     1
       Sacrifice Resista |       |       |     1 |       ||     1
       Power Leap        |       |       |       |     1 ||     1
       Sacrifice Stealth |       |       |       |     1 ||     1
  Use: Scroll            |       |       |    13 |       ||    13
 Stab: Sleeping          |       |     3 |       |       ||     3
       Distracted        |       |       |     1 |       ||     1
       Invisible         |       |       |     3 |     2 ||     5
  Eat: Ration            |     1 |     3 |     2 |       ||     6
       Chunk             |     3 |     8 |    19 |     6 ||    36
Armor: Robe              |    20 |    41 |    57 |    14 ||   132
Dodge: Dodged            |    35 |    47 |   146 |    25 ||   253
